Map: Космический сапфир

Players

adexor

  • Race: Protoss Protoss
  • League: Diamond
  • Spawn Location: 5:00

Allthumbs - Winner!

  • Race: Protoss Protoss
  • League: Diamond
  • Spawn Location: 11:00

VOD

Have the link to the VOD?

Description

Time

  • Played on: Nov. 4, 2022, 8:19 a.m.
  • Length: 4:15
Show
View Real Time Build Order
Export as new Build Order

adexor Protoss 

Build Orders:  

Get SALT Encoding   

  12  0:00  Probe  
  13  0:12  Probe  
  14  0:19  Pylon  
  14  0:24  Probe  
  15  0:37  Probe  
  15  0:39  Gateway  
  16  0:47  Assimilator  
  17  0:50  Probe  
  17  1:00  Gateway  
  17  1:02  Probe  
  18  1:18  Probe  
  19  1:26  Cybernetics Core  
  19  1:27  Pylon  
  19  1:45  Probe  
  20  2:00  Stalker (Chrono Boost)  
  20  2:01  Stalker (Chrono Boost)  
  20  2:02  Shield Battery  
  25  2:15  Shield Battery  
  26  2:49  Gateway  
  26  2:51  Pylon  
  26  2:52  Probe  
  26  2:55  Shield Battery  
Show
View Real Time Build Order
Export as new Build Order

Allthumbs Protoss - Winner!

Build Orders:  

Get SALT Encoding   

  12  0:00  Probe  
  13  0:13  Probe  
  14  0:25  Probe  
  15  0:35  Pylon  
  15  0:53  Probe  
  15  0:54  Gateway  
  15  0:56  Gateway  
  16  1:02  Forge  
  16  1:12  Probe  
  17  1:22  Pylon  
  17  1:34  Pylon  
  17  1:42  Zealot x2 (Chrono Boost)  
  21  1:56  Photon Cannon  
  21  1:57  Photon Cannon  
  21  2:05  Zealot x2  
  24  2:16  Photon Cannon  
  23  2:31  Photon Cannon  
  23  2:40  Photon Cannon  
  21  2:55  Photon Cannon  
  21  3:02  Zealot (Chrono Boost)  
  24  3:10  Zealot (Chrono Boost)  
  22  3:23  Probe  
  23  3:30  Zealot (Chrono Boost)  
  25  3:37  Zealot (Chrono Boost)  
Tags
 
Add a new tag
Caveats
  • Supply blocks, unpowered buildings, or Contaminate may cause inaccurate times.
  • Supply counts are checked every 10 seconds.